 Dungeon Crawl Stone Soup version 0.29.0-4-gdea44cf6ec (webtiles) character file.

Game seed: 17349328464478848317

63 qw the Chopper (level 4, -13/36 HPs)
             Began as a Barachi Chaos Knight on Sept 6, 2022.
             Mangled by an ice devil (17 damage)
             ... summoned by Xom
             ... on level 2 of the Dungeon.
             The game lasted 00:00:47 (1827 turns).

qw the Chopper (Barachi Chaos Knight)               Turns: 1827, Time: 00:00:48

Health: -13/36     AC:  8    Str: 13    XL:     4   Next: 10%
Magic:  4/4        EV:  9    Int: 12    God:
Gold:   70         SH:  3    Dex: 12    Spells: 3/3 levels left

rFire   . . .      SeeInvis .   Y - +0 hand axe (chaos)
rCold   . . .      Faith    .   g - +0 buckler
rNeg    . . .      Spirit   .   i - +0 chain mail
rPois   .          Reflect  .   (no helmet)
rElec   .          Harm     .   (no cloak)
rCorr   .          Rampage  .   (no gloves)
Will    .....                   (no boots)
Stlth   ..........              (no amulet)
HPRegen 0.12/turn               h - +4 ring of evasion
MPRegen 0.09/turn               (no ring)

@: unable to read, slow
A: amphibious, slowness 1, strong legs 1, +LOS, weak 1, inability to read after
injury 1
a: Hop


You were on level 2 of the Dungeon.
You visited 1 branch of the dungeon, and saw 2 of its levels.

You collected 70 gold pieces.


Innate Abilities, Weirdness & Mutations

You are amphibious.
You cover ground slowly.
You can hop short distances.
You have an extended range of vision and can be seen from far away.
You are weak. (Str -2)
You occasionally lose the ability to read scrolls when taking damage.


   Skills:
 - Level 3.6 Fighting
 + Level 5.1 Axes
 - Level 2.4 Armour
 - Level 1.1 Dodging
 - Level 1.1 Shields


You had 3 spell levels left.
You didn't know any spells.
Your spell library was empty.

Inventory:

Hand Weapons
 d - a +0 club
 Y - a +0 hand axe of chaos (weapon)
Missiles
 k - 6 boomerangs (quivered)
Armour
 g - a +0 buckler (worn)
 i - a +0 chain mail (worn)
Jewellery
 h - a +4 ring of evasion (left hand)
Scrolls
 a - 3 scrolls of identify
 e - a scroll of noise {unknown}
 f - a scroll of teleportation
Potions
 b - a potion of heal wounds {unknown}
 j - a potion of curing {unknown}
 l - a potion of degeneration {unknown}
 m - a potion of invisibility {unknown}
Miscellaneous
 c - a piece from Xom's chessboard (15/15)

Dungeon Overview and Level Annotations

Branches:
Dungeon (2/15)

Altars:


Message History

Something hits you but does no damage. Something hits you.
The crimson imp blinks!
The crimson imp grins evilly.
The crimson imp barely misses you.
You hit the crimson imp but do no damage.
The crimson imp is heavily wounded.
You miss the ufetubus. You hit the crimson imp. You miss something.
You block the ufetubus's attack.
The ufetubus hits you but does no damage.
Something hits you. Something hits you but does no damage.
The ufetubus hits you.
The ufetubus hits you but does no damage.
The crimson imp barely misses you.
You hit the crimson imp. You freeze the crimson imp.
The crimson imp is almost dead.
You closely miss the ufetubus. You hit the ice devil but do no damage.
You barely miss the iron imp. You block the ufetubus's attack.
The ufetubus hits you but does no damage.
The white imp shouts, "Slither home, thou churlish milk-livered maggot-pie!"
The crimson imp hits you but does no damage.
You hit the crimson imp.
You kill the crimson imp!
The crimson imp degenerates into a cloud of primal chaos!
You hit the white imp but do no damage. You hit the ice devil but do no damage.
You hit the iron imp but do no damage.
Space warps around the iron imp.
The ice devil closely misses you.
The crimson imp blinks!
The iron imp misses you.
You hit the iron imp but do no damage.
The iron imp is moderately wounded.
You hit the ice devil but do no damage. You hit the white imp but do no damage.
Lightning courses through the white imp!
You kill the white imp!
The white imp disappears in a puff of smoke!
You closely miss the ufetubus.
The ufetubus hits you but does no damage.
The ufetubus barely misses you. The ice devil hits you!
The ice devil freezes you!
You feel threatened and lose the ability to read scrolls!
You die...

##.#...#..# +..#
...##'##..# #..#
...#......# #..#
...#...#..###..#
...#####......###
.>.#..8#...###..##
...#..#####...5.5#
..............454#
################@#
###############55#
...............(##
.<....###########
......# ......#
......# ......#
......#


You could see an ice devil (summoned), a rust devil (summoned), an iron imp
(summoned), a crimson imp (summoned, poisoned), a white imp (summoned) and 2
ufetubi.

Vanquished Creatures
  3 adders (D:2)
  A worm (D:2)
  3 dart slugs
  An endoplasm (D:2)
  A giant cockroach (D:2)
  A goblin (D:1)
  2 hobgoblins (D:2)
  2 kobolds
  A quokka (D:1)
  3 ball pythons (D:2)
  4 bats
  A frilled lizard (D:2)
  9 rats
32 creatures vanquished.

Notes
Turn   | Place    | Note
-------+----------+-------------------------------------------
     0 | D:1      | qw the Barachi Chaos Knight began the quest for the Orb.
     0 | D:1      | Reached XP level 1. HP: 18/18 MP: 1/1
     0 | D:1      | 0 ||| qw: Version: 0.1-a-107-g55f7f8b
     0 | D:1      | 0 ||| qw: Game counter: 6027
     0 | D:1      | 0 ||| qw: Always use a shield: true
     0 | D:1      | 0 ||| qw: God list: Okawaru
     0 | D:1      | 0 ||| qw: Allow faded altars: false
     0 | D:1      | 0 ||| qw: Do Orc after D:15 true
     0 | D:1      | 0 ||| qw: Do second Lair branch before Depths: true
     0 | D:1      | 0 ||| qw: Lair rune preference: random
     0 | D:1      | 0 ||| qw: Plans: Normal
     0 | D:1      | 0 ||| PLANNING D:1-11
     0 | D:1      | Fell from the grace of Xom
   466 | D:1      | Reached XP level 2. HP: 20/24 MP: 2/2
   558 | D:1      | Reached skill level 4 in Axes
   851 | D:1      | 851 ||| Stepping ~*~*~tactically~*~*~ (hiding).
   853 | D:1      | 853 ||| Stepping ~*~*~tactically~*~*~ (hiding).
   854 | D:1      | 854 ||| Stepping ~*~*~tactically~*~*~ (hiding).
   855 | D:1      | 855 ||| Stepping ~*~*~tactically~*~*~ (hiding).
   856 | D:1      | 856 ||| Stepping ~*~*~tactically~*~*~ (hiding).
   858 | D:1      | 858 ||| Stepping ~*~*~tactically~*~*~ (hiding).
   859 | D:1      | 859 ||| Stepping ~*~*~tactically~*~*~ (hiding).
   860 | D:1      | 860 ||| Stepping ~*~*~tactically~*~*~ (hiding).
   862 | D:1      | 862 ||| Stepping ~*~*~tactically~*~*~ (hiding).
  1004 | D:1      | 1004 ||| READING 2 scrolls labelled ZEDOEV REKOMP.
  1005 | D:1      | 1005 ||| READING scroll labelled OCRIAT LAENIEF.
  1074 | D:2      | XOM: give mutations
  1074 | D:2      | Gained mutation: You are weak. (Str -2) [Xom's mischief]
  1074 | D:2      | Gained mutation: You occasionally lose the ability to read
                  | scrolls when taking damage. [Xom's mischief]
  1074 | D:2      | Gained mutation: You possess an exceptional clarity of
                  | mind. [Xom's mischief]
  1074 | D:2      | Lost mutation: You possess an exceptional clarity of mind.
                  | [Xom's mischief]
  1305 | D:2      | 1305 ||| Stepping ~*~*~tactically~*~*~ (stealth).
  1307 | D:2      | 1307 ||| Stepping ~*~*~tactically~*~*~ (stealth).
  1310 | D:2      | Reached XP level 3. HP: 29/29 MP: 3/3
  1311 | D:2      | 1311 ||| Stepping ~*~*~tactically~*~*~ (stealth).
  1313 | D:2      | 1313 ||| Stepping ~*~*~tactically~*~*~ (stealth).
  1317 | D:2      | 1317 ||| Stepping ~*~*~tactically~*~*~ (stealth).
  1318 | D:2      | 1318 ||| Stepping ~*~*~tactically~*~*~ (stealth).
  1319 | D:2      | 1319 ||| Stepping ~*~*~tactically~*~*~ (stealth).
  1327 | D:2      | 1327 ||| Stepping ~*~*~tactically~*~*~ (hiding).
  1332 | D:2      | XOM: chaos cloud
  1333 | D:2      | 1333 ||| Stepping ~*~*~tactically~*~*~ (cloud).
  1337 | D:2      | 1337 ||| Stepping ~*~*~tactically~*~*~ (cloud).
  1338 | D:2      | 1338 ||| FLEEEEING.
  1339 | D:2      | 1339 ||| Stepping ~*~*~tactically~*~*~ (hiding).
  1341 | D:2      | 1341 ||| FLEEEEING.
  1342 | D:2      | 1342 ||| FLEEEEING.
  1343 | D:2      | 1343 ||| FLEEEEING.
  1344 | D:2      | 1344 ||| FLEEEEING.
  1345 | D:2      | 1345 ||| FLEEEEING.
  1360 | D:2      | 1360 ||| FLEEEEING.
  1365 | D:2      | 1365 ||| STAIRDANCE
  1399 | D:1      | 1399 ||| UPGRADING to +0 buckler.
  1404 | D:1      | 1404 ||| UPGRADING to +0 chain mail.
  1414 | D:1      | 1414 ||| DROPPING +2 leather armour.
  1415 | D:1      | 1415 ||| UPGRADING to +4 ring of evasion.
  1416 | D:1      | 1416 ||| READING scroll labelled PELEIPL BIVVUL.
  1461 | D:2      | 1461 ||| Stepping ~*~*~tactically~*~*~ (stealth).
  1544 | D:2      | Reached skill level 1 in Shields
  1573 | D:2      | Reached skill level 5 in Axes
  1573 | D:2      | Reached XP level 4. HP: 31/36 MP: 4/4
  1819 | D:2      | XOM: summons 10 hostile demons
  1820 | D:2      | Noticed an ice devil
  1820 | D:2      | Noticed a rust devil
  1827 | D:2      | HP: 4/36 [ice devil[Xom] (9)]
  1827 | D:2      | Mangled by an ice devil

Levels and vault maps discovered:
D:1:      elethiomel_arrival_maze, layout_basic
D:2:      layout_rooms, shapermc_ecumenical_altar_mp_vishouse, minmay_tromino_i4

Skill      XL: |  1  2  3 |
---------------+----------+-----
Axes           | 4 5 |  5.1
Shields        | 1 |  1.1
Fighting       | |  3.6
Armour         | |  2.4
Dodging        | |  1.1

Action                   |  1- 3 |  4- 6 || total
-------------------------+-------+-------++-------
Melee: Hand axe          |    98 |    11 ||   109
Throw: Boomerang         |       |     2 ||     2
Invok: Renounce Religion |     1 |       ||     1
  Use: Scroll            |     3 |       ||     3
Armor: Leather armour    |    19 |       ||    19
       Chain mail        |    19 |    12 ||    31
Dodge: Dodged            |    58 |     9 ||    67
Block: Buckler           |     4 |     4 ||     8

Table legend:
 A = Non-vault XP
 B = Vault XP
 C = Vault XP percentage of total XP
 D = Non-vault monster count
 E = Vault monster count
 F = Vault count percentage of total count
                 A         B        C        D         E       F
            +---------+---------+-------+---------+---------+-------
      Total |      82 |       9 |   9.9 |      28 |       4 |  12.5
            +---------+---------+-------+---------+---------+-------
        D:1 |      19 |       0 |   0.0 |      10 |       0 |   0.0
        D:2 |      63 |       9 |  12.5 |      18 |       4 |  18.2
            +---------+---------+-------+---------+---------+-------
